 Dungeon Crawl Stone Soup version 0.22-a0-447-gee5f723 (webtiles) character file.

49 nikopol the Firebug (level 3, -1/19 HPs)
             Began as a Deep Elf Fire Elementalist on June 3, 2018.
             Slain by a goblin
             ... wielding a +0 dagger
              (3 damage)
             ... on level 2 of the Dungeon.
             The game lasted 00:02:06 (975 turns).

nikopol the Firebug (Deep Elf Fire Elementalist)     Turns: 975, Time: 00:02:07

Health: -1/19      AC:  2    Str:  5    XL:     3   Next: 51%
Magic:  6/10       EV: 13    Int: 20    God:
Gold:   10         SH:  0    Dex: 15    Spells: 8/9 levels left

rFire    . . .     SeeInvis .   (no weapon)
rCold    . . .     Gourm    .   (no shield)
rNeg     . . .     Faith    .   a - +0 robe
rPois    .         Spirit   .   (no helmet)
rElec    .         Reflect  .   (no cloak)
rCorr    .         Harm     .   (no gloves)
MR       .....                  (no boots)
Stlth    ++........             (no amulet)
HPRegen  0.06/turn              (no ring)
MPRegen  0.12/turn              (no ring)

@: lethally poisoned (-1 -> -8), very slightly contaminated
A: no striking features
a: no special abilities


You were on level 2 of the Dungeon.
You were not hungry.

You visited 1 branch of the dungeon, and saw 2 of its levels.

You collected 10 gold pieces.

Inventory:

Armour
 a - a +0 robe (worn)
Jewellery
 i - an uncursed ring of see invisible {unknown}
Scrolls
 b - a scroll of blinking {unknown}
 d - 2 scrolls of remove curse {unknown}
 f - a scroll of magic mapping {unknown}
 j - a scroll of teleportation {unknown}
Potions
 e - 3 potions of heal wounds {unknown}
 h - 2 potions of curing {unknown}
Comestibles
 c - 2 rations
 g - 6 chunks of flesh


   Skills:
 + Level 2.8 Dodging
 + Level 2.5 Stealth
 + Level 3.5 Spellcasting
 + Level 1.8 Conjurations
 + Level 4.2 Fire Magic


You had 8 spell levels left.
You knew the following spells:

 Your Spells              Type           Power        Failure   Level  Hunger
a - Flame Tongue          Conj/Fire      ###..        4%          1    None

Your spell library contained the following spells:

 Spells                   Type           Power        Failure   Level  Hunger
 Fireball                 Conj/Fire      ###.......   73%         5    ######.
 Conjure Flame            Conj/Fire      ###.....     12%         3    ###....
 Throw Flame              Conj/Fire      ###...       6%          2    ##.....
 Sticky Flame             Conj/Fire      ###.....     36%         4    ####...
 Inner Flame              Hex/Fire       ##......     17%         3    ###....


Dungeon Overview and Level Annotations

Branches:
Dungeon (1/15)

Altars:


Message History

The adder poisons you! The adder misses you.
Casting: Flame Tongue (safe; 4% risk of failure)
Confirm with . or Enter, or press ? or * to list all spells.
Aiming: Flame Tongue (safe; 4% risk of failure)
Press: ? - help, Shift-Dir - straight line, f/p - adder
Aim: an adder (almost dead)
The flame tongue hits the adder.
You kill the adder!
* * * LOW HITPOINT WARNING * * *
You feel sick.
Casting: Flame Tongue (safe; 4% risk of failure)
Confirm with . or Enter, or press ? or * to list all spells.
Aiming: Flame Tongue (safe; 4% risk of failure)
Press: ? - help, Shift-Dir - straight line, f - goblin
Aim: a goblin, wielding a dagger You miscast Flame Tongue.
You are very lightly contaminated with residual magic.
The air around you crackles with energy!
The goblin hits you with a dagger.
You die...

#########.##
#.# #...#g#
#.# #.#...#
#.#
#...########.#
#......g..$l.#
#..#..l....gS#
#..#.#######r#
#..#.# #g#
#..#.# #@#
#..#.# #.#
...... #.# ###
... ##+


You could see 2 goblins, a ball python, a frilled lizard and a rat.

Vanquished Creatures
  An adder (D:2)
  An ooze (D:1)
  A dart slug (D:1)
  A leopard gecko (D:1)
  3 giant cockroaches (D:1)
  3 goblins (D:1)
  8 hobgoblins (D:1)
  2 jackals (D:1)
  4 kobolds (D:1)
  A quokka (D:2)
  A frilled lizard (D:1)
  A rat (D:1)
27 creatures vanquished.

Notes
Turn   | Place    | Note
-------+----------+-------------------------------------------
     0 | D:1      | nikopol the Deep Elf Fire Elementalist began the quest for the Orb.
     0 | D:1      | Reached XP level 1. HP: 10/10 MP: 6/6
    79 | D:1      | Reached XP level 2. HP: 15/15 MP: 4/8
   331 | D:1      | Reached skill level 4 in Fire Magic
   596 | D:1      | Reached XP level 3. HP: 19/19 MP: 2/9
   951 | D:1      | You fall through a shaft!
   975 | D:2      | Slain by a goblin

Vault maps used:
D:1:      minmay_arrival_statue_studded
D:2:      cheibrodos_helix_gallery, minmay_misc_feat_doors

Skill      XL: |  1  2 |
---------------+-------+-----
Fire Magic     | 4 |  4.2
Dodging        | |  2.8
Stealth        | |  2.5
Spellcasting   | |  3.5
Conjurations   | |  1.8

Action                   || total
-------------------------++-------
 Cast: Flame Tongue      ||    45
Armor: Robe              ||     1
Dodge: Dodged            ||    14

Table legend:
 A = Spawn XP
 B = Non-spawn XP
 C = Spawn XP percentage of total XP
 D = Spawn monster count
 E = Non-spawn monster count
 F = Spawn count percentage of total count
 G = Total turns spent on level
                    A         B        C        D         E        F      G
               +---------+---------+-------+---------+---------+-------+---------
         Total |       0 |      70 |   0.0 |       0 |      27 |   0.0 |   975
               +---------+---------+-------+---------+---------+-------+---------
           D:1 |       0 |      55 |   0.0 |       0 |      25 |   0.0 |   951
           D:2 |       0 |      15 |   0.0 |       0 |       2 |   0.0 |    24
               +---------+---------+-------+---------+---------+-------+---------
